AoeStats
← 騷護士

African Clearing

510290692Analyzed
4v4 RM · 2d ago on Sep 30, 2026· 42m 26s· 8 players
Game mode
Random Map
Map size
Large (8 player)
Population
200
Speed
Normal
Resources
Standard
Victory
Conquest
Starting age
Dark Age
Ending age
Imperial Age
RankedLock teamsTeams togetherTeam positionsShared explorationLock speedFull tech treeHidden civsTurbo modeCheats
Victory
Defeat
🇭🇰 Mongols · Hong Kong SAR China
1674
+11
🇭🇰 Lithuanians · Hong Kong SAR China
1590
+15
🇨🇳 Persians · China
1469
+19
🇨🇳 Berbers · China
1441
+20
🇹🇼 Berbers · Taiwan
1601
-18
🇹🇼 Tupi · Taiwan
1577
-17
🇨🇿 Mongols · Czechia
1545
-16
🇳🇿 Varangians · New Zealand
1501
-14
Czech_Airwave
3:55 Loom
11:00 Feudal Age
18:24 Fletching
19:47 Double-Bit Axe
25:23 Castle Age
23:27 Horse Collar
24:58 Forging
25:06 Padded Archer Armor
25:29 Pikeman
27:19 Bodkin Arrow
30:23 Bloodlines
31:47 Bow Saw
32:38 Wheelbarrow
32:51 Husbandry
34:31 Ballistics
34:02 Town Watch
34:53 Leather Archer Armor
36:41 Hand Cart
40:02 Gold Mining
40:04 Stone Mining
39:44 Light Cavalry
41:05 Heavy Plow
41:43 Scale Barding Armor
好奇小牛
4:33 Loom
13:30 Feudal Age
15:18 Town Watch
18:01 Castle Age
16:15 Double-Bit Axe
17:51 Bloodlines
22:56 Fletching
26:57 Husbandry
28:37 Bow Saw
29:10 Bodkin Arrow
30:08 Wheelbarrow
35:28 Imperial Age
33:53 Kasbah
37:11 Conscription
37:05 Bracer
38:58 Horse Collar
39:10 Gold Mining
39:50 Ballistics
40:30 Chemistry
40:02 Hand Cart
40:12 Heavy Camel Rider
41:09 Padded Archer Armor
JayJayNico
9:18 Loom
12:07 Feudal Age
16:58 Castle Age
16:09 Forging
19:24 Wheelbarrow
19:49 Double-Bit Axe
19:47 Horse Collar
20:54 Husbandry
21:54 Scale Barding Armor
28:17 Bloodlines
28:15 Fletching
34:41 Imperial Age
33:03 Heavy Plow
34:26 Hand Cart
33:56 Town Watch
34:22 Squires
35:13 Ballistics
37:37 Iron Casting
38:29 Masonry
40:04 Blast Furnace
39:18 Gold Mining
40:03 Chain Barding Armor
41:07 Scale Mail Armor
騷護士
3:10 Loom
13:21 Feudal Age
17:59 Castle Age
16:59 Double-Bit Axe
17:08 Gold Mining
17:59 Fletching
21:12 Bodkin Arrow
36:33 Horse Collar
38:02 Wheelbarrow
42:06 Bow Saw
mc 88
10:09 Loom
12:38 Feudal Age
18:21 Castle Age
16:55 Stone Mining
17:34 Double-Bit Axe
41:32 Wheelbarrow
41:11 Bow Saw
40:59 Town Watch
44:46 Imperial Age
42:28 Horse Collar
网恋被骗50块
7:49 Loom
14:54 Feudal Age
16:31 Double-Bit Axe
17:37 Forging
17:32 Scale Barding Armor
19:46 Castle Age
17:50 Horse Collar
18:52 Bloodlines
19:48 Town Watch
20:44 Wheelbarrow
21:30 Chain Barding Armor
22:42 Gold Mining
35:27 Kasbah
37:14 Fletching
37:24 Padded Archer Armor
37:38 Thumb Ring
37:51 Bodkin Arrow
39:48 Husbandry
40:07 Leather Archer Armor
40:17 Ballistics
39:38 Treadmill Crane
41:14 Stone Mining
qkry335791
4:04 Loom
12:31 Feudal Age
17:33 Castle Age
18:02 Bloodlines
18:18 Double-Bit Axe
18:14 Horse Collar
25:23 Stone Mining
28:05 Scale Barding Armor
32:55 Imperial Age
30:50 Gold Mining
31:11 Bow Saw
32:14 Forging
32:46 Cavalier
34:33 Chain Barding Armor
35:30 Wheelbarrow
37:53 Plate Barding Armor
37:27 Husbandry
39:48 Iron Casting
40:11 Conscription
39:33 Savar
41:12 Hand Cart
pigpig_aoe
13:06 Feudal Age
14:14 Double-Bit Axe
14:11 Horse Collar
14:32 Loom
17:14 Castle Age
18:54 Bow Saw
24:10 Fletching
25:26 Wheelbarrow
25:14 Town Watch
25:37 Gold Mining
26:00 Heavy Plow
26:40 Bodkin Arrow
27:19 Padded Archer Armor
28:17 Ballistics
28:45 Hand Cart
30:48 Gold Shaft Mining
30:03 Stone Mining
34:02 Imperial Age
33:01 Bloodlines
32:52 Husbandry
33:11 Thumb Ring
34:49 Nomads
34:09 Elite Mangudai
34:54 Bracer
35:29 Parthian Tactics
35:52 Leather Archer Armor
36:39 Chemistry
36:56 Conscription
37:11 Hoardings
37:45 Coinage
39:27 Banking
39:47 Masonry
Connection lost

Rejoining the realm…

Still unreachable

The connection could not be restored.

Session expired

The server has moved on; the page needs a fresh start.